 Dungeon Crawl Stone Soup version 0.30-a0-1160-g6e42c06551 (webtiles) character file.

Game seed: 3017214359193675575

3255 Twinkles the Grappler (level 9, -3/83 HPs)
             Began as an Armataur Monk on Apr 26, 2023.
             Was a Believer of the Shining One.
             Killed from afar by an electric eel (11 damage)
             ... with a bolt of electricity
             ... on level 7 of the Dungeon.
             The game lasted 00:20:17 (7394 turns).

Twinkles the Grappler (Armataur Monk)               Turns: 7394, Time: 00:20:18

Health: -3/83      AC:  6    Str: 20    XL:     9   Next: 67%
Magic:  18/18      EV: 11    Int: 11    God:    the Shining One [**....]
Gold:   379        SH:  0    Dex: 13    Spells: 8/8 levels left

rFire   + .          .
                       - Unarmed
rCold   + . .        c - orb {light}
rNeg    + . .        f - +0 steam dragon scales
rPois   .            (no helmet)
rElec   .            k - scarf {rC+ rF+}
rCorr   .            (no gloves)
SInv    .            (no barding)
Will    .....        (no amulet)
Stlth   +            h - ring of wizardry
HPRegen 0.33/turn    z - ring of magical power
MPRegen 0.16/turn

%: roll, wizardry (x1)
@: glowing
A: large, rugged brown scales 3, deformed body, armoured tail, roll, long
tongue, awkward tongue
a: Renounce Religion, Divine Shield


You were on level 7 of the Dungeon.
You worshipped the Shining One.
The Shining One was pleased with you.
You visited 1 branch of the dungeon, and saw 7 of its levels.

You collected 379 gold pieces.

Inventory:

Armour
 a - a +0 robe
 c - an orb of light (worn)
 f - +0 steam dragon scales (worn)
 k - a scarf of resistance (worn)
 n - a +0 ring mail
Jewellery
 g - a ring of wizardry
 h - a ring of wizardry (left hand)
 z - a ring of magical power (right hand)
 B - a ring of willpower
Wands
 e - a wand of charming (2)
 j - a wand of polymorph (11)
Scrolls
 b - 2 scrolls of fear {unknown}
 d - 2 scrolls of magic mapping {unknown}
 i - a scroll of torment {unknown}
 l - a scroll of noise {unknown}
 m - a scroll of poison {unknown}
 p - 4 scrolls of teleportation {unknown}
 q - 4 scrolls of immolation {unknown}
 t - a scroll of brand weapon {unknown}
 w - a scroll of enchant weapon {unknown}
 y - a scroll of blinking {unknown}
Potions
 x - a potion of might {unknown}
 A - 2 potions of attraction
 C - a potion of cancellation
 H - a potion of haste
 I - a potion of invisibility
 L - 2 potions of flight
 Q - a potion of magic
 U - 2 potions of mutation


   Skills:
 + Level 6.4 Fighting
 + Level 5.9 Armour
 + Level 4.6 Dodging
 - Level 3.9 Stealth
 * Level 8.6 Unarmed Combat


You had 8 spell levels left.
You didn't know any spells.
Your spell library was empty.

Dungeon Overview and Level Annotations

Branches:
Dungeon (7/15) Zot: 26238
 Temple: D:4-7

Altars:
Fedhas
Kikubaaqudgha
Makhleb
Nemelex Xobeh
Okawaru
Qazlal
Sif Muna
Trog
Uskayaw
Zin
The Shining One

Annotations:
D:5 exclusion: 3 downstairs
D:6 Maggie


Innate Abilities, Weirdness & Mutations

You are completely covered in rugged brown scales. (AC +3, +7% HP)
Armour fits poorly on your strangely shaped body.
You have a long armoured tail.
You roll when moving toward enemies. (Rampage)
Your long tongue fully drains potion bottles. (2x potion effects)
Your tongue gives you trouble enunciating. (1.5x scroll delay)


Message History

The jelly is heavily wounded.
You completely miss the jelly. You tail-slap the jelly!
You kill the jelly!
l - a scroll labelled JOSTOEM USIDAS HP restored.
Found a stone staircase leading down.
j - a wand of polymorph (11) (gained 6 charges)
Z - 2 scrolls of identify As you slowly read the scroll of identify, it crumbles to dust.
u - a potion of invisibility;
I - a potion of invisibility As you slowly read the scroll of identify, it crumbles to dust.
v - a potion of magic;
Q - a potion of magic
Okay, then.
Unknown command.
You open the door.
Found a shimmering blue altar of Sif Muna.
No target in view!
There is an open door here.
There is an open door here.
An electric eel comes into view.
The electric eel shoots out a bolt of lightning at you!
The bolt of electricity misses you.
Found 18 gold pieces.
The electric eel shoots out a bolt of lightning at you!
The bolt of electricity hits the electric eel.
The electric eel completely resists.
The bolt of electricity hits you! x2
Found 17 gold pieces.
The electric eel shoots out a bolt of lightning at you!
The bolt of electricity hits you!
The electric eel shoots out a bolt of lightning at you!
The bolt of electricity hits you!
The electric eel shoots out a bolt of lightning at you!
The bolt of electricity hits you! x2
* * * LOW HITPOINT WARNING * * *
The electric eel shoots out a bolt of lightning at you!
The bolt of electricity hits you!
* * * LOW HITPOINT WARNING * * *
The electric eel shoots out a bolt of lightning at you!
The bolt of electricity hits you!
You die...

#...####........#.#
#...#...........#.#
#...######......#.#
#...#...........#.#
#...#######.#####.##
##'#### #.........
#_##.## #######.##
####..##### ###.##
#@.......# ##.....
...............###......
#####~~~~.~.S~..........
≈≈≈≈≈≈~~≈~~.~~.~.~≈..
≈≈≈≈≈≈≈≈≈≈≈≈~S~~~~≈≈≈~~
#≈≈≈~~~~≈≈≈≈≈≈≈≈~~~≈≈≈≈
###~...~P~~~≈~~.~≈≈~≈≈≈
~...~~.~~.~P~.~~~~~~P
.............$..~≈


You could see 2 electric eels.

Vanquished Creatures
  Pikel (D:7)
  A steam dragon (D:7)
  5 yaks
  A sky beast (D:7)
  4 ice beasts
  An orc warrior (D:4)
  An ogre (D:6)
  3 phantoms
  A kobold brigand (D:4)
  A bullfrog (D:6)
  2 scorpions
  4 wights
  A hound (D:4)
  3 jellies
  4 orc priests
  4 orc wizards
  A sleepcap (D:6)
  4 iguanas
  6 adders
  A shadow imp (D:6)
  2 white imps
  2 worms (D:2)
  3 dart slugs
  16 orcs
  6 endoplasms
  5 giant cockroaches
  11 goblins
  6 hobgoblins
  3 quokkas
  5 ball pythons
  9 bats
  4 frilled lizards
  5 kobolds
  5 rats
131 creatures vanquished.

Vanquished Creatures (others)
  39 plants
39 creatures vanquished.

Grand Total: 170 creatures vanquished

Notes
Turn   | Place    | Note
-------+----------+-------------------------------------------
     0 | D:1      | Twinkles the Armataur Monk began the quest for the Orb.
     0 | D:1      | Reached XP level 1. HP: 19/19 MP: 1/1
   141 | D:1      | Reached XP level 2. HP: 26/26 MP: 2/2
   202 | D:1      | Reached skill level 3 in Unarmed Combat
   317 | D:1      | Found a faded altar of an unknown god.
   805 | D:2      | Reached XP level 3. HP: 33/33 MP: 3/3
  1128 | D:2      | Reached skill level 1 in Stealth
  1208 | D:2      | Reached XP level 4. HP: 33/40 MP: 4/4
  1584 | D:3      | You fall into a shaft and drop 2 floors!
  1584 | D:5      | Entered Level 5 of the Dungeon
  1584 | D:5      | Found an ancient bone altar of Kikubaaqudgha.
  1871 | D:5      | Reached XP level 5. HP: 29/48 MP: 5/5
  1979 | D:5      | Reached skill level 4 in Unarmed Combat
  1982 | D:5      | HP: 14/49 [poisoned by a scorpion]
  2248 | D:5      | Noticed a phantom
  2265 | D:5      | Killed a phantom
  2266 | D:5      | Reached XP level 6. HP: 50/55 MP: 6/6
  2416 | D:5      | Found a blossoming altar of Fedhas.
  2574 | D:3      | Found a burning altar of Makhleb.
  2918 | D:3      | Reached skill level 5 in Unarmed Combat
  3356 | D:3      | Found a glowing golden altar of the Shining One.
  3444 | D:3      | Became a worshipper of the Shining One
  3444 | D:3      | Reached * piety under the Shining One
  3444 | D:3      | Reached ** piety under the Shining One
  3730 | D:3      | Reached XP level 7. HP: 62/64 MP: 7/7
  3879 | D:4      | HP: 19/64 [orc warrior/+0 short sword (9)]
  3885 | D:4      | HP: 14/64 [kobold brigand/+0 short sword (7)]
  3893 | D:4      | HP: 5/64 [kobold brigand/+0 short sword (4)]
  3895 | D:4      | Reached skill level 1 in Armour
  4189 | D:4      | Found a hide-covered altar of Uskayaw.
  4189 | D:4      | Found a stormy altar of Qazlal.
  4879 | D:5      | Reached skill level 6 in Unarmed Combat
  4963 | D:5      | Found a glowing silver altar of Zin.
  5027 | D:6      | Noticed Maggie
  5225 | D:6      | Reached XP level 8. HP: 66/71 MP: 8/8
  5241 | D:6      | Reached skill level 5 in Fighting
  5872 | D:5      | Reached skill level 7 in Unarmed Combat
  6058 | D:6      | HP: 21/72 [yak (6)]
  6061 | D:6      | HP: 9/73 [yak (13)]
  6069 | D:5      | HP: 7/73 [yak (5)]
  6230 | D:5      | HP: 18/74 [yak (8)]
  6232 | D:5      | Reached XP level 9. HP: 19/80 MP: 9/9
  6235 | D:5      | HP: 11/80 [yak (9)]
  6454 | D:6      | Reached skill level 5 in Armour
  6493 | D:6      | Found a sparkling altar of Nemelex Xobeh.
  6637 | D:7      | Reached skill level 8 in Unarmed Combat
  6813 | D:7      | Found an iron altar of Okawaru.
  6818 | D:7      | Found a bloodstained altar of Trog.
  7043 | D:7      | Noticed Pikel
  7061 | D:7      | Killed Pikel
  7330 | D:7      | Found a shimmering blue altar of Sif Muna.
  7391 | D:7      | HP: 21/83 [electric eel/bolt of electricity (13)]
  7393 | D:7      | HP: 7/83 [electric eel/bolt of electricity (14)]
  7394 | D:7      | Killed from afar by an electric eel

Illustrated notes

Levels and vault maps discovered:
D:1:      evilmike_arrival_hilbert_curve, layout_basic,
          dilly_ecumenical_altar_fadedgnrine
D:2:      layout_loops_cross, chequers_serial_rivers_micro_e
D:3:      cheibrodos_pilgrimage, layout_basic, nicolae_tso_carved_into_rock,
          marbit_many_paths, dreamdust_princess_corridor,
          chequers_serial_rivers_room_a, corexii_leaking_fountain
D:4:      layout_rooms, grunt_temple_overflow_open, small_statue_intersection,
          minmay_small_thing
D:5:      layout_loops_corners, fedhas_altar_2, mainiacjoe_overflow_two_lobes,
          kennysheep_boxes
D:6:      layout_basic, nemelex_dance_club_becter, uniq_maggie
D:7:      layout_basic, grunt_temple_overflow_bloody_war, lemuel_blue_sif_altar,
          temple_hall, chequers_big_river, uniq_pikel

Skill      XL: |  1  2  3  4  5  6  7  8  9 |
---------------+----------------------------+-----
Unarmed Combat | 3 4 5 6 7 8 |  8.6
Fighting       | 3 4 5 6 |  6.4
Stealth        | 1 2 3 |  3.9
Armour         | 2 4 5 |  5.9
Dodging        | 3 4 |  4.6

Action                     |  1- 3 |  4- 6 |  7- 9 || total
---------------------------+-------+-------+-------++-------
  Melee: Unarmed           |   110 |   132 |   239 ||   481
         Tailslap          |    17 |    30 |    55 ||   102
 Invoke: Divine Shield     |       |       |     2 ||     2
    Use: Scroll            |       |       |     9 ||     9
         Potion            |       |       |     2 ||     2
 Armour: Robe              |    33 |       |       ||    33
         Ring mail         |       |    38 |    26 ||    64
         Steam dragon scal |       |       |     8 ||     8
  Dodge: Dodged            |    51 |    37 |    92 ||   180
  Block: Orb               |       |       |     2 ||     2

Table legend: (Time is in decaauts)
 A = Elapsed time spent in this place.
 B = Non-inter-level travel time spent in this place.
 C = Inter-level travel time spent in this place.
 D = Time resting spent in this place.
 E = Time spent auto-exploring this place.
 F = Levels seen in this place.
 G = Mean time per level.
                   A        B        C        D        E       F      G
               +--------+--------+--------+--------+--------+-----+--------+
         Total |   7360 |   7013 |    347 |    761 |   4966 |   7 | 1051.4 |
       Dungeon |   7360 |   7013 |    347 |    761 |   4966 |   7 | 1051.4 |
               +--------+--------+--------+--------+--------+-----+--------+

Top non-repeatable levels by time:
     D:5: 1820 daAuts
     D:6: 1260 daAuts
     D:2: 1173 daAuts
     D:3: 932 daAuts
     D:1: 796 daAuts
     D:4: 703 daAuts
     D:7: 674 daAuts
